 Dungeon Crawl Stone Soup version 0.20-a0-269-g17f5411 (webtiles) character file.

130 Faca the Shield-Bearer (level 5, -10/42 HPs)
             Began as a Formicid Fighter on Dec 8, 2016.
             Was an Initiate of Okawaru.
             Mangled by an ogre
             ... wielding a +0 giant club
              (23 damage)
             ... on level 3 of the Dungeon.
             The game lasted 00:04:23 (1411 turns).

Faca the Shield-Bearer (Formicid Fighter)           Turns: 1411, Time: 00:04:24

Health: -10/42     AC: 10    Str: 21    XL:     5   Next: 36%
Magic:  5/5        EV:  8    Int:  7    God:    Okawaru [......]
Gold:   58         SH: 11    Dex: 11    Spells: 4/4 levels left

rFire  x . .     SeeInvis +     a - +0 flail
rCold  + . .     Gourm    .     b - +0 scale mail
rNeg   . . .     Faith    .     c - +1 shield
rPois  .         Spirit   .     (helmet unavailable)
rElec  .         Reflect  .     (no cloak)
rCorr  .         Harm     .     (no gloves)
MR     .....                    (no boots)
Stlth  ..........               (no amulet)
                                j - ring of ice
                                e - +3 ring of protection

@: no status effects
A: permanent stasis, dig shafts and tunnels, four strong arms, antennae 3
a: Dig, Shaft Self, Renounce Religion


You were on level 3 of the Dungeon.
You worshipped Okawaru.
Okawaru was noncommittal.
You were not hungry.

You visited 1 branch of the dungeon, and saw 3 of its levels.

You collected 58 gold pieces.

Inventory:

Hand Weapons
 a - a +0 flail (weapon)
Armour
 b - a +0 scale mail (worn)
 c - a +1 shield (worn)
Jewellery
 e - a +3 ring of protection (left hand)
 j - a ring of ice (right hand)
Scrolls
 k - a scroll of identify
Potions
 d - a potion of might
 g - a potion of lignification
 i - a potion of heal wounds
Comestibles
 f - 4 bread rations
 h - a meat ration


   Skills:
 + Level 4.0 Fighting
 + Level 3.5 Maces & Flails
 + Level 3.8 Armour
 + Level 0.3 Dodging
 + Level 4.6 Shields


You had 4 spell levels left.
You didn't know any spells.

Dungeon Overview and Level Annotations

Branches:
Dungeon (3/15)

Altars:
Fedhas
Okawaru
Ru
Zin


Innate Abilities, Weirdness & Mutations

You cannot be hasted, slowed, berserked, paralysed or teleported.
You can dig through walls and to a lower floor.
Your four strong arms can wield two-handed weapons with a shield.
You have a pair of large antennae on your head. (SInv)


Message History

You completely miss the dart slug. You block the dart slug's attack.
You hit the dart slug.
The dart slug is moderately wounded.
The dart slug bites you.
You hit the dart slug.
The dart slug is almost dead.
You hit the dart slug.
You kill the dart slug!
Okawaru accepts your kill.
You barely miss the ogre. The ogre hits you with a giant club!
You barely miss the ogre. The ogre hits you with a giant club.
You hit the ogre but do no damage. The ogre closely misses you.
You sock the ogre!
The ogre is heavily wounded.
The ogre closely misses you.
You hit the ogre.
The ogre is heavily wounded.
The ogre hits you with a giant club!!
Ouch! That really hurt!
You die...

########## .....$...#
######## .........##
#####......#
.........##> ...........
.........##.###.#......#
......O.................
#....#@#####.#.#.)....#
#............#.#......#
#......[.....#.#......#
.........$....#.#......#
#.............#.#......#
#...##....?...#.........
#... #........#######...
#.. #........# #...
#$.......#


You could see an ogre.

Vanquished Creatures
  A jelly (D:3)
  4 gnolls (D:2)
  An ooze (D:2)
  2 worms (D:2)
  4 dart slugs
  A leopard gecko (D:2)
  3 giant cockroaches
  7 goblins
  5 hobgoblins
  4 jackals (D:1)
  4 kobolds
  3 bats
  2 frilled lizards
  4 rats
45 creatures vanquished.

Notes
Turn   | Place    | Note
-------+----------+-------------------------------------------
     0 | D:1      | Faca the Formicid Fighter began the quest for the Orb.
     0 | D:1      | Reached XP level 1. HP: 18/18 MP: 1/1
    79 | D:1      | Reached XP level 2. HP: 24/24 MP: 2/2
   422 | D:1      | Reached XP level 3. HP: 23/30 MP: 3/3
   804 | D:2      | Reached XP level 4. HP: 36/37 MP: 4/4
  1123 | D:2      | Found an iron altar of Okawaru.
  1130 | D:2      | Became a worshipper of Warmaster Okawaru
  1249 | D:2      | Found a sacrificial altar of Ru.
  1249 | D:2      | Found a blossoming altar of Fedhas.
  1252 | D:2      | Found a glowing silver altar of Zin.
  1341 | D:3      | Reached XP level 5. HP: 27/42 MP: 5/5
  1402 | D:3      | Noticed an ogre
  1411 | D:3      | Mangled by an ogre

Vault maps used:
D:1:      lemuel_arrival_hallway
D:2:      gammafunk_temple_overflow_forgotten, okawaru_metal_pillars_3
D:3:      first_bread, minmay_misc_feat_enclosed, yredelemnul_altar_generic

Skill      XL: |  1  2  3  4 |
---------------+-------------+-----
Shields        | 4 |  4.6
Fighting       | 4 |  4.0
Maces & Flails | 3 |  3.5
Armour         | |  3.8
Dodging        | |  0.3

Action                   |  1- 3 |  4- 6 || total
-------------------------+-------+-------++-------
Melee: Flail             |    99 |    48 ||   147
  Use: Scroll            |     8 |     1 ||     9
       Potion            |     1 |       ||     1
  Eat: Meat ration       |       |     1 ||     1
Armor: Scale mail        |    44 |     5 ||    49
Dodge: Dodged            |    41 |    12 ||    53
Block: Shield            |    59 |    23 ||    82
